 Dungeon Crawl Stone Soup version 0.25.0-9-g26727b6 (webtiles) character file.

Game seed: 14830898963793390745

5799 HelpMeObiWan the Cleaver (level 10, -7/139 HPs)
             Began as a Hill Orc Fighter on June 18, 2020.
             Was an Elder of Beogh.
             Impaled on a porcupine's spines (10 damage)
             ... on level 10 of the Dungeon.
             The game lasted 00:36:48 (11877 turns).

HelpMeObiWan the Cleaver (Hill Orc Fighter)        Turns: 11877, Time: 00:36:48

Health: -7/139     AC: 25    Str: 23    XL:     10   Next: 79%
Magic:  13/13      EV:  2    Int:  8    God:    Beogh [****..]
Gold:   715        SH: 12    Dex: 16    Spells: 9/9 levels left

rFire    . . .     SeeInvis .   a - +0 war axe
rCold    . . .     Gourm    .   c - +1 kite shield
rNeg     + + +     Faith    .   (armour currently unavailable)
rPois    +         Spirit   .   (helmet currently unavailable)
rElec    .         Reflect  .   (cloak currently unavailable)
rCorr    +         Harm     .   (gloves currently unavailable)
MR       .....     NoTele   +   (boots currently unavailable)
Stlth    +.........             (no amulet)
HPRegen  0.33/turn              l - +6 ring of dexterity
MPRegen  0.13/turn              A - ring of resist corrosion

@: mighty, tree-form
A: no striking features
a: Smiting, Recall Orcish Followers, Renounce Religion


You were on level 10 of the Dungeon.
You worshipped Beogh.
Beogh was greatly pleased with you.
You were not hungry.
You were a tree.
You visited 2 branches of the dungeon, and saw 11 of its levels.
You also visited: Ossuary.

You collected 715 gold pieces.

Inventory:

Hand Weapons
 a - a +0 war axe (weapon)
Missiles
 g - 3 silver boomerangs
 i - 11 javelins (quivered)
 j - 259 stones
 x - a boomerang
Armour
 c - a +1 kite shield (worn)
 k - a +0 chain mail (melded)
 H - +0 steam dragon scales
Jewellery
 l - a +6 ring of dexterity (left branch)
 s - an uncursed ring of stealth
 A - a ring of resist corrosion (right branch)
Wands
 h - a wand of polymorph (5)
 w - a wand of acid (12)
 G - a wand of random effects (13)
 I - a wand of enslavement (7)
Scrolls
 d - 2 scrolls of enchant weapon
 e - a scroll of enchant armour
 n - a scroll of fog
 q - 4 scrolls of teleportation {unknown}
 t - 4 scrolls of remove curse {unknown}
 u - 2 scrolls of amnesia {unknown}
 C - a scroll of blinking {unknown}
 F - 2 scrolls of immolation {unknown}
Potions
 b - a potion of berserk rage {unknown}
 m - 2 potions of mutation {unknown}
 o - 3 potions of curing
 p - 2 potions of lignification
 r - 2 potions of flight
 v - 3 potions of stabbing
 y - 3 potions of brilliance {unknown}
 z - 2 potions of invisibility {unknown}
 E - 3 potions of ambrosia {unknown}
Comestibles
 f - 16 rations
 D - 10 chunks of flesh


   Skills:
 - Level 10.0 Fighting
 + Level 10.8 Axes
 - Level 10.0 Armour
 + Level 7.4 Shields
 + Level 5.0 Invocations


You had 9 spell levels left.
You didn't know any spells.
Your spell library was empty.

Dungeon Overview and Level Annotations

Branches:
Dungeon (10/15)            Temple (1/1) D:6         Ossuary (visited)
   Lair: D:8-11         Orc: D:9-12

Altars:
Dithmenos
Elyvilon
Fedhas
Nemelex Xobeh
Okawaru
Qazlal
Sif Muna
Trog
Uskayaw
Yredelemnul

Annotations:
D:8 1 runed translucent door, Myro's ghost, novice FoHu


Message History

The hippogriff pecks you but does no damage.
The hippogriff claws you.
* * * LOW HITPOINT WARNING * * *
The yak gores you but does no damage. You block the yak's attack.
You slash the hippogriff!
You kill the hippogriff!
Beogh accepts your kill.
You barely miss the yak. You hit the yak.
You kill the yak!
Beogh accepts your kill. The yak gores you but does no damage.
You are struck by the porcupine's spines.
* * * LOW HITPOINT WARNING * * *
You slash the porcupine!
The porcupine is severely wounded.
You hit the yak. You block the porcupine's attack. You block the yak's attack.
You hit the yak.
The yak is heavily wounded.
You are struck by the porcupine's spines.
You die...

##########
#........#
#........#
#.....†..#
#....YY♣.#....#
#####.r###....##
####.Y#.......#
#....Y#.......#
#.....# ......#
###$..# ......#
+###..)###Y....#
#......)..'Y....#
#.........#J....#


You could see 4 yaks and a porcupine.

Vanquished Creatures
  A two-headed ogre (D:9)
  A centaur zombie (D:9)
  A troll (D:9)
  A hippogriff (D:10)
  Sigmund (D:8)
  A wyvern (D:8)
  A yak (D:10)
  A steam dragon (D:9)
  Duvessa (D:7)
  A porcupine (D:10)
  2 ice beasts (D:5)
  3 orc warriors
  A phantom (D:9)
  5 ogres
  2 centaurs
  3 crocodiles
  4 bullfrogs
  Dowan (D:7)
  2 scorpions
  3 howler monkeys (D:7)
  A crimson imp (D:7)
  A quasit (D:9)
  7 orc priests
  2 bullfrog skeletons
  A hound (D:9)
  4 jellies
  6 orc wizards
  6 worker ants
  A big kobold zombie (Ossuary)
  A hound zombie (D:5)
  A hound skeleton (D:5)
  9 mummies
  2 worker ant zombies
  2 howler monkey skeletons
  4 gnolls
  8 adders
  5 oozes
  An adder skeleton (D:4)
  5 worms
  3 dart slugs
  7 leopard geckos
  35 orcs
  12 bats
  9 giant cockroaches
  2 gnoll zombies (Ossuary)
  5 goblins
  7 hobgoblins
  14 jackals
  A quokka (D:4)
  A ball python (D:1)
  6 frilled lizards
  A hobgoblin zombie (Ossuary)
  12 kobolds
  2 kobold zombies (Ossuary)
  2 orc zombies (Ossuary)
  8 rats
230 creatures vanquished.

Vanquished Creatures (collateral kills)
  A hornet (D:8)
  A hippogriff (D:8)
  An ice beast (D:7)
  A sky beast (D:8)
  A big kobold (D:8)
  A water moccasin zombie (D:7)
  An orc priest (D:7)
  A jelly (D:10)
  An orc wizard (D:7)
  A worker ant (D:7)
  A hound zombie (D:7)
  An adder (D:8)
  An orc (D:10)
  A jackal (D:8)
  2 kobolds (D:8)
16 creatures vanquished.

Vanquished Creatures (others)
  3 orc warriors
  A bullfrog zombie (D:9)
  4 orc wizards
  A hound skeleton (D:3)
  16 orcs
  A kobold (D:3)
  3 plants (D:10)
29 creatures vanquished.

Grand Total: 275 creatures vanquished

Notes
Turn   | Place    | Note
-------+----------+-------------------------------------------
     0 | D:1      | HelpMeObiWan the Hill Orc Fighter began the quest for the
                  | Orb.
     0 | D:1      | Reached XP level 1. HP: 19/19 MP: 1/1
   192 | D:1      | Reached XP level 2. HP: 25/27 MP: 2/2
   655 | D:1      | Reached XP level 3. HP: 23/33 MP: 3/3
  1250 | D:2      | You fall into a shaft and drop 1 floor!
  1279 | D:3      | Reached XP level 4. HP: 21/41 MP: 4/4
  1692 | D:2      | Reached skill level 5 in Axes
  2167 | D:2      | Reached XP level 5. HP: 47/47 MP: 5/5
  2312 | D:3      | Became a worshipper of Beogh the Brigand
  3115 | D:4      | Reached skill level 5 in Fighting
  3710 | D:4      | Reached * piety under Beogh
  3710 | D:4      | Reached XP level 6. HP: 37/56 MP: 6/6
  4675 | D:4      | Reached skill level 5 in Armour
  4675 | D:4      | Reached skill level 5 in Shields
  4675 | D:4      | Reached skill level 1 in Invocations
  4675 | D:4      | Reached XP level 7. HP: 58/61 MP: 7/7
  4767 | D:5      | Entered Level 5 of the Dungeon
  5541 | D:5      | Reached XP level 8. HP: 61/68 MP: 10/10
  6525 | D:6      | Found a staircase to the Ecumenical Temple.
  6533 | D:6      | Noticed Sigmund
  6536 | Temple   | Entered the Ecumenical Temple
  6595 | D:6      | Reached ** piety under Beogh
  6722 | D:6      | Reached skill level 10 in Axes
  6722 | D:6      | Reached skill level 5 in Invocations
  7552 | D:6      | Reached XP level 9. HP: 61/75 MP: 12/12
  7838 | D:7      | Found a sand-covered staircase.
  7851 | Ossuary  | Entered an ossuary
  7967 | Ossuary  | Reached *** piety under Beogh
  8315 | D:7      | Noticed Duvessa
  8348 | D:7      | Killed Duvessa
  8349 | D:7      | Noticed Dowan
  8363 | D:7      | Killed Dowan
  8615 | D:7      | Gained Warbeogh as an ally
  8628 | D:7      | Found a stormy altar of Qazlal.
  9221 | D:8      | Noticed a hornet
  9228 | D:8      | Killed a hornet
  9569 | D:8      | Reached **** piety under Beogh
  9585 | D:8      | Gained Morguth as an ally
  9800 | D:8      | Killed Sigmund
  9800 | D:8      | Reached XP level 10. HP: 44/89 MP: 13/13
 10034 | D:8      | Noticed Myro's ghost (novice FoHu)
 10040 | D:8      | Found a runed translucent door.
 10311 | D:9      | Noticed a two-headed ogre
 10334 | D:9      | Your ally Morguth died
 10405 | D:9      | Your ally Warbeogh died
 10476 | D:9      | Found a blossoming altar of Fedhas.
 10478 | D:9      | Found an iron altar of Okawaru.
 10478 | D:9      | Found a hide-covered altar of Uskayaw.
 10478 | D:9      | Found a bloodstained altar of Trog.
 10479 | D:9      | Found a shadowy altar of Dithmenos.
 10480 | D:9      | Found a white marble altar of Elyvilon.
 10480 | D:9      | Found a stormy altar of Qazlal.
 10481 | D:9      | Found a sparkling altar of Nemelex Xobeh.
 10888 | D:9      | Killed a two-headed ogre
 11131 | D:9      | Reached skill level 10 in Fighting
 11131 | D:9      | Reached skill level 10 in Armour
 11599 | D:10     | Entered Level 10 of the Dungeon
 11792 | D:10     | Noticed a deep elf mage
 11876 | D:10     | HP: 3/139 [porcupine's spines (9)]
 11877 | D:10     | Impaled on a porcupine's spines

Illustrated notes

Levels and vault maps discovered:
D:1:      scummos_arrival_star, layout_basic
D:2:      layout_basic
D:3:      layout_rooms, minmay_pentangle
D:4:      layout_basic, first_ration, grunt_decor_one_mirror
D:5:      layout_loops_cross
D:6:      layout_basic, minmay_temple_entry_junction, portal_sewer_entry_f,
          serial_glass, glass_columns_a, glass_columns_b, uniq_sigmund
D:7:      layout_loops_ring, gup_ossuary_entry_pyramid, basic_altar,
          uniq_duvessa
D:8:      layout_rooms, hellmonk_ghost_happy_afterlife
D:9:      layout_basic, grunt_temple_overflow_open
D:10:     layout_gridville, minmay_lair_entry_grove, erik_orc_1,
          hangedman_stone_soup
Temple:   eino_temple_water

Skill      XL: |  1  2  3  4  5  6  7  8  9 10 |
---------------+-------------------------------+-----
Axes           | 3 4 5 6 8 10 | 10.8
Fighting       | 4 5 8 10 | 10.0
Armour         | 4 5 8 10 | 10.0
Shields        | 4 5 7 |  7.4
Invocations    | 1 3 5 |  5.0

Action                   |  1- 3 |  4- 6 |  7- 9 | 10-12 || total
-------------------------+-------+-------+-------+-------++-------
Melee: War axe           |   120 |   273 |   415 |   122 ||   930
Throw: Stone             |       |    14 |       |       ||    14
       Boomerang         |       |       |    23 |       ||    23
       Javelin           |       |       |    11 |    10 ||    21
Invok: Convert to Beogh  |       |     1 |       |       ||     1
       Smiting           |       |       |       |     1 ||     1
Evoke: Wand              |       |       |       |     1 ||     1
  Use: Scroll            |       |     1 |    10 |     1 ||    12
       Potion            |       |     3 |     3 |     6 ||    12
  Eat: Chunk             |     1 |     9 |    12 |     4 ||    26
       Ration            |       |     1 |     1 |     1 ||     3
Armor: Scale mail        |     8 |       |       |       ||     8
       Chain mail        |    59 |   162 |   129 |    62 ||   412
       Skin              |       |       |       |     9 ||     9
Dodge: Dodged            |    30 |    67 |    66 |    35 ||   198
Block: Kite shield       |    73 |   145 |   213 |    94 ||   525
